 Dungeon Crawl Stone Soup version 0.29-a0-308-g4e025c60ea (webtiles) character file.

Game seed: 13061773381569126094

34666 Colgate the Spear-Bearer (level 13, -4/190 HPs)
             Began as a Naga Artificer on Mar 28, 2022.
             Was an Initiate of Gozag.
             Slain by a 17-headed hydra (8 damage)
             ... on level 4 of the Lair of Beasts.
             The game lasted 02:02:58 (26740 turns).

Colgate the Spear-Bearer (Naga Artificer)          Turns: 26740, Time: 02:02:59

Health: -4/190     AC: 41    Str: 19    XL:     13   Next: 78%
Magic:  0/13       EV:  3    Int: 11    God:    Gozag
Gold:   1879       SH:  0    Dex: 19    Spells: 12/12 levels left

rFire   + . .      SeeInvis +   b - +2 glaive (vamp)
rCold   . . .      Faith    .   (shield currently unavailable)
rNeg    + . .      Spirit   +   M - +3 plate armour {rF+}
rPois   +          Reflect  .   K - +2 helmet
rElec   .          Harm     .   Y - +2 cloak
rCorr   .          Rampage  .   X - +1 pair of gloves {hurl}
Will    +....                   s - +10 Black Knight's barding {ponderous, rPois rN+}
Stlth   ..........              u - amulet of guardian spirit
HPRegen 0.41/turn               A - +6 ring of dexterity
MPRegen 0.13/turn               R - +4 ring of protection

@: berserking, gold aura, quick
A: AC +4, large, see invisible, deformed body, poison resistance, slowness 2,
spit poison 1, naga tail 2
a: Spit Poison, Renounce Religion, Potion Petition, Call Merchant, Bribe Branch


You were on level 4 of the Lair of Beasts.
You worshipped Gozag.
Gozag was most pleased with you.
You visited 3 branches of the dungeon, and saw 17 of its levels.

You collected 4154 gold pieces.
You spent 1584 gold pieces at shops.
You paid 691 gold pieces to Gozag.

Inventory:

Hand Weapons
 a - a +0 spectral quick blade
 b - a +2 vampiric glaive (weapon)
Missiles
 z - 3 curare-tipped darts
 B - 14 boomerangs
 J - 4 javelins
 N - 18 poisoned darts
 Q - a throwing net {!f}
Armour
 s - the +10 Black Knight's barding (worn) {ponderous, rPois rN+}
   (You bought it in a shop on level 7 of the Dungeon)

   rPois:     It protects you from poison.
   rN:        It protects you from negative energy.
 K - a +2 helmet (worn)
 M - a +3 plate armour of fire resistance (worn)
 X - a +1 pair of gloves of hurling (worn)
 Y - a +2 cloak (worn)
Jewellery
 i - a ring of positive energy
 k - a ring of protection from cold
 r - an amulet of the acrobat
 u - an amulet of guardian spirit (around neck)
 A - a +6 ring of dexterity (left hand)
 L - a ring of flight
 R - a +4 ring of protection (right hand)
Wands
 c - a wand of flame (2)
 d - a wand of charming (18)
 e - a wand of iceblast (8) {@v2}
 f - a wand of acid (1) {@v1}
 o - a wand of digging (4) {@v3}
 v - a wand of paralysis (7)
 G - a wand of polymorph (1)
Scrolls
 g - 2 scrolls of blinking {@r4}
 h - 2 scrolls of silence
 l - 2 scrolls of vulnerability
 m - a scroll of brand weapon
 n - a scroll of torment
 p - a scroll of amnesia
 x - 9 scrolls of teleportation {@r3}
 y - a scroll of fog
 E - a scroll of magic mapping {unknown}
 H - 5 scrolls of noise
 Z - a scroll of fear
Potions
 j - 3 potions of flight
 q - 4 potions of brilliance
 t - 5 potions of mutation
 w - 4 potions of attraction
 D - 2 potions of resistance {@q5}
 F - 7 potions of curing {@q1}
 I - a potion of berserk rage
 O - a potion of might {@q3}
 P - a potion of ambrosia
 S - a potion of lignification
 U - 9 potions of heal wounds {@q2}
 V - a potion of cancellation
 W - 7 potions of haste {@q4}
Miscellaneous
 C - a phantom mirror
 T - a box of beasts


   Skills:
 + Level 11.5 Fighting
 - Level 8.0 Short Blades
 - Level 8.1(12.6) Axes
 - Level 5.7(7.7) Maces & Flails
 - Level 14.0(14.8) Polearms
 - Level 4.0 Armour
 - Level 4.0 Dodging
 - Level 5.8 Stealth
 - Level 3.0 Evocations


You had 12 spell levels left.
You didn't know any spells.
Your spell library contained the following spells:

 Spells                   Type           Power      Damage    Failure   Level
 Animate Skeleton         Necr           0%         N/A       100%        1
 Apportation              Tloc           0%         N/A       100%        1
 Freeze                   Ice            0%         1d3       100%        1
 Sandblast                Erth           0%         2d4       100%        1
 Summon Small Mammal      Summ           0%         N/A       100%        1
 Passwall                 Tmut/Erth      0%         N/A       100%        2
 Call Canine Familiar     Summ           0%         N/A       100%        3
 Frozen Ramparts          Ice            0%         1d2       100%        3
 Inner Flame              Hex/Fire       0%         N/A       100%        3
 Portal Projectile        Hex/Tloc       0%         N/A       100%        3
 Stone Arrow              Conj/Erth      0%         3d7       100%        3
 Animate Armour           Summ/Erth      0%         N/A       100%        4
 Cause Fear               Hex            0%         N/A       100%        4
 Hailstorm                Conj/Ice       0%         3d3       100%        4
 Leda's Liquefaction      Hex/Erth       0%         N/A       100%        4
 Fireball                 Conj/Fire      0%         3d3       100%        5
 Starburst                Conj/Fire      0%         6d3       100%        6
 Discord                  Hex            0%         N/A       100%        8
 Ignition                 Fire           0%         3d3       100%        8
 Lehudib's Crystal Spear  Conj/Erth      0%         10d2      100%        8


Dungeon Overview and Level Annotations

Branches:
Dungeon (12/15)            Temple (1/1) D:7            Lair (4/6) D:9
  Swamp (0/4) Lair:4          Orc (0/2) D:9
  Snake: Lair:2-4    Spider: Lair:2-4

Altars:
Ashenzari
Cheibriados
Dithmenos
Elyvilon
Fedhas
Gozag
Hepliaklqana
Kikubaaqudgha
Makhleb
Nemelex Xobeh
Okawaru
Qazlal
Ru
Sif Muna
Trog
Uskayaw
Vehumet
Wu Jian
Xom
Yredelemnul
Zin
The Shining One
Jiyva

Shops:
D:7 [   D:10 (


Innate Abilities, Weirdness & Mutations

Your serpentine skin is tough. (AC +4)
You have supernaturally acute eyesight. (SInv)
Armour fits poorly on your strangely shaped body.
Your system is resistant to poisons. (rPois)
You cover ground very slowly.
You can spit poison.
You can use your snake-like lower body to constrict enemies.


Message History

The 17-headed hydra bites you but does no damage.
The 17-headed hydra completely misses you.
The 17-headed hydra bites you but does no damage.
You slash the water moccasin!
You feel better.
The water moccasin is no longer distracted by gold.
Your grab misses the water moccasin. The water moccasin barely misses you.
The 17-headed hydra bites you.
* * * LOW HITPOINT WARNING * * *
The 17-headed hydra bites you but does no damage.
The 17-headed hydra bites you!
* * * LOW HITPOINT WARNING * * *
The 17-headed hydra bites you but does no damage.
The 17-headed hydra barely misses you. The 17-headed hydra bites you.
* * * LOW HITPOINT WARNING * * *
The 17-headed hydra bites you but does no damage. x6
The 17-headed hydra bites you.
* * * LOW HITPOINT WARNING * * *
The 17-headed hydra bites you but does no damage. x4
You closely miss the water moccasin. You grab the water moccasin.
You constrict the water moccasin.
The water moccasin is distracted by your dazzling golden aura.
You strike the helpless water moccasin from behind!
You slice the water moccasin!!
You feel better.
You kill the water moccasin!
The yak is no longer distracted by gold.
The 17-headed hydra bites you but does no damage. x3
The 17-headed hydra bites you!
* * * LOW HITPOINT WARNING * * *
The 17-headed hydra bites you.
* * * LOW HITPOINT WARNING * * *
The 17-headed hydra bites you but does no damage.
The 17-headed hydra bites you.
* * * LOW HITPOINT WARNING * * *
The 17-headed hydra bites you but does no damage.
The 17-headed hydra bites you.
* * * LOW HITPOINT WARNING * * *
The 17-headed hydra bites you but does no damage. x5
The 17-headed hydra bites you!
You die...
Your body crumbles into a pile of gold.

#...#..#.#...##
#.........#....
...............
...............
...............
...............
........$......
.......@Y......
......$D$......
.......F>......
...............
...............
...............
...............
..P...#.....##.


You could see a 17-headed hydra, a yak and a bullfrog.

Vanquished Creatures
  2 hydras
  A centaur warrior (D:12)
  9 two-headed ogres
  2 death yaks (Lair:3)
  A bog body (Lair:4)
  5 ugly things
  4 cyclopes
  5 black mambas
  2 manticores (D:12)
  An ice statue (Lair:2)
  9 cane toads
  3 rime drakes
  Maggie (D:7)
  2 komodo dragons
  2 polar bears (Lair:2)
  A freezing wraith (Lair:2)
  5 blink frogs (Lair:2)
  A shadow (D:11)
  A wraith (D:9)
  2 vampires
  A basilisk (Lair:1)
  3 wyverns
  26 yaks
  3 vampire mosquitoes (D:12)
  3 steam dragons
  3 wargs (D:9)
  Menkaure (D:7)
  An acid dragon (D:11)
  15 water moccasins
  5 orc warriors
  A hornet zombie (D:6)
  10 ice beasts
  3 black bears
  3 sky beasts
  4 ogres
  9 wolves
  A centaur (D:6)
  A phantom (D:5)
  A kobold brigand (D:9)
  5 scorpions
  7 bullfrogs
  A wyvern zombie (D:6)
  2 necrophages
  5 wights (D:6)
  11 killer bees
  2 howler monkeys
  A bullfrog zombie (D:6)
  5 hounds
  6 jellies
  2 orc priests
  A bullfrog skeleton (D:6)
  3 iguanas
  Jessica (D:3)
  11 orc wizards
  A killer bee zombie (D:6)
  13 adders
  4 gnolls (D:7)
  4 white imps
  2 worms (D:4)
  A dart slug (D:4)
  39 orcs
  10 ball pythons
  16 bats
  9 endoplasms
  5 giant cockroaches
  5 hobgoblins
  6 jackals
  14 kobolds
  4 quokkas
  2 frilled lizards (D:1)
  8 goblins
  4 rats
363 creatures vanquished.

Vanquished Creatures (collateral kills)
  Lodul (D:11)
1 creature vanquished.

Vanquished Creatures (others)
  A two-headed ogre (D:11)
  8 fungi
  16 plants
  4 withered plants (D:6)
29 creatures vanquished.

Grand Total: 393 creatures vanquished

Notes
Turn   | Place    | Note
-------+----------+-------------------------------------------
     0 | D:1      | Colgate the Naga Artificer began the quest for the Orb.
     0 | D:1      | Reached XP level 1. HP: 18/18 MP: 1/1
   303 | D:1      | Reached XP level 2. HP: 18/25 MP: 2/2
   381 | D:1      | Found a faded altar of an unknown god.
   390 | D:1      | Prayed at the altar of an unknown god.
   390 | D:1      | Became a worshipper of Gozag Ym Sagoz the Greedy
  1221 | D:1      | Found an opulent altar of Gozag.
  1652 | D:2      | Reached skill level 1 in Axes
  1672 | D:2      | Reached XP level 3. HP: 31/31 MP: 3/3
  2982 | D:3      | Noticed a black bear
  2986 | D:3      | Killed a black bear
  2987 | D:3      | Reached XP level 4. HP: 32/38 MP: 4/4
  2987 | D:3      | Reached XP level 5. HP: 37/44 MP: 5/5
  3127 | D:3      | Noticed Jessica
  3133 | D:3      | Killed Jessica
  3555 | D:3      | Found a bloodstained altar of Trog.
  4093 | D:4      | Found an iron altar of Okawaru.
  4094 | D:4      | Found a basalt altar of Yredelemnul.
  4094 | D:4      | Found a sparkling altar of Nemelex Xobeh.
  4228 | D:4      | Reached skill level 5 in Axes
  4228 | D:4      | Reached XP level 6. HP: 35/51 MP: 3/6
  4511 | D:4      | Noticed a black bear
  4519 | D:4      | Found a shimmering altar of Xom.
  4565 | D:4      | Killed a black bear
  4638 | D:4      | Reached XP level 7. HP: 49/57 MP: 4/7
  4848 | D:4      | Found a blossoming altar of Fedhas.
  4849 | D:4      | Found a stormy altar of Qazlal.
  5307 | D:4      | Found an iron altar of Okawaru.
  5310 | D:4      | Found a basalt altar of Yredelemnul.
  5399 | D:4      | Found a sparkling altar of Nemelex Xobeh.
  5575 | D:4      | Found a shimmering altar of Xom.
  5944 | D:5      | Entered Level 5 of the Dungeon
  6274 | D:5      | Reached XP level 8. HP: 58/67 MP: 6/8
  6988 | D:5      | Reached skill level 5 in Fighting
  7247 | D:6      | Found an opulent altar of Gozag.
  7796 | D:6      | Reached skill level 5 in Stealth
  7796 | D:6      | Reached XP level 9. HP: 82/82 MP: 9/9
  7807 | D:6      | Reached skill level 1 in Maces & Flails
  8713 | D:6      | Found a sacrificial altar of Ru.
  9057 | D:6      | Reached skill level 5 in Maces & Flails
  9734 | D:7      | Noticed Menkaure
  9734 | D:7      | Found a staircase to the Ecumenical Temple.
  9740 | D:7      | Killed Menkaure
  9906 | Temple   | Entered the Ecumenical Temple
 10489 | D:7      | Reached skill level 1 in Short Blades
 11268 | D:7      | Noticed Maggie
 11274 | D:7      | Killed Maggie
 11275 | D:7      | Reached skill level 5 in Short Blades
 11275 | D:7      | Reached XP level 10. HP: 38/91 MP: 5/10
 12319 | D:7      | Bought the +10 Black Knight's barding {ponderous, rPois
                  | rN+} for 824 gold pieces
 12319 | D:7      | Found the +10 Black Knight's barding {ponderous, rPois rN+}
 12634 | D:8      | Found a viscous altar of Jiyva.
 12949 | D:8      | Found a burning altar of Makhleb.
 12957 | D:8      | Found an ancient bone altar of Kikubaaqudgha.
 12960 | D:8      | Found a white marble altar of Elyvilon.
 12961 | D:8      | Found a shimmering blue altar of Sif Muna.
 13004 | D:8      | Noticed a cyclops
 13048 | D:8      | Killed a cyclops
 14021 | D:9      | Noticed a two-headed ogre
 14156 | D:9      | Found a staircase to the Orcish Mines.
 14228 | D:9      | Found a staircase to the Lair.
 14605 | D:9      | Killed a two-headed ogre
 15315 | D:9      | Reached XP level 11. HP: 94/104 MP: 9/11
 15923 | D:7      | Bought a +3 plate armour of fire resistance for 585 gold
                  | pieces
 16078 | D:10     | Entered Level 10 of the Dungeon
 16088 | D:10     | Reached skill level 1 in Polearms
 16391 | D:10     | Reached skill level 2 in Polearms
 16419 | D:10     | Reached skill level 3 in Polearms
 16521 | D:10     | Noticed a two-headed ogre
 16530 | D:10     | Killed a two-headed ogre
 16531 | D:10     | Reached skill level 4 in Polearms
 16667 | D:10     | Noticed a two-headed ogre
 16678 | D:10     | Killed a two-headed ogre
 16679 | D:10     | Reached skill level 5 in Polearms
 16948 | D:10     | Found Rimaerch's Antique Weapon Boutique.
 16956 | D:10     | Noticed a two-headed ogre
 16967 | D:10     | Killed a two-headed ogre
 17102 | D:10     | Noticed a green ugly thing
 17111 | D:10     | Killed a green ugly thing
 17112 | D:10     | Reached skill level 6 in Polearms
 17952 | D:11     | Noticed a cyan ugly thing
 17960 | D:11     | Killed a cyan ugly thing
 18162 | D:11     | Noticed Lodul
 18162 | D:11     | Noticed a two-headed ogre
 18162 | D:11     | Noticed a two-headed ogre
 18162 | D:11     | Noticed a two-headed ogre
 18162 | D:11     | Noticed a two-headed ogre
 18164 | D:11     | Noticed a two-headed ogre
 18166 | D:11     | Noticed a two-headed ogre
 18168 | D:11     | Killed Lodul
 18169 | D:11     | Reached skill level 7 in Polearms
 18182 | D:11     | Killed a two-headed ogre
 18183 | D:11     | Reached skill level 8 in Polearms
 18184 | D:11     | Killed a two-headed ogre
 18191 | D:11     | Killed a two-headed ogre
 18192 | D:11     | Reached skill level 9 in Polearms
 18194 | D:11     | Killed a two-headed ogre
 18195 | D:11     | Reached XP level 12. HP: 89/114 MP: 7/12
 18437 | D:11     | Reached skill level 10 in Polearms
 18579 | D:11     | Noticed a five-headed hydra
 18588 | D:11     | Killed a five-headed hydra
 19596 | D:7      | Bought a +1 cloak of poison resistance for 175 gold pieces
 19903 | D:12     | Reached skill level 11 in Polearms
 20490 | D:12     | Reached skill level 12 in Polearms
 20886 | D:12     | Noticed a centaur warrior
 20895 | D:12     | Killed a centaur warrior
 21317 | Lair:1   | Entered Level 1 of the Lair of Beasts
 21560 | Lair:1   | Reached skill level 13 in Polearms
 21830 | Lair:1   | Gained mutation: You can use your snake-like lower body to
                  | constrict enemies. [Naga growth]
 21830 | Lair:1   | Reached XP level 13. HP: 120/121 MP: 13/13
 22302 | Lair:1   | Reached skill level 14 in Polearms
 22967 | Lair:2   | Reached skill level 1 in Dodging
 23953 | Lair:2   | Found the +8 whip "Snakebite" {venom, curare, rPois}
 24792 | Lair:3   | You fall into a shaft and drop 1 floor!
 24893 | Lair:4   | Found a staircase to the Swamp.
 24902 | Lair:4   | Reached skill level 10 in Fighting
 26740 | Lair:4   | HP: 9/190 [17-headed hydra (2)]
 26740 | Lair:4   | HP: 4/190 [17-headed hydra (4)]
 26740 | Lair:4   | Slain by a 17-headed hydra

Illustrated notes

Levels and vault maps discovered:
D:1:      dpeg_arrival_water_temple_mockup, layout_basic,
          hellmonk_ecumenical_altar_lost_god, chequers_big_river
D:2:      layout_rooms
D:3:      layout_loops_ring, lemuel_doored_altar, serial_bayou_pond_c,
          uniq_jessica
D:4:      layout_cave_pools, grunt_temple_overflow_forces_of_nature,
          xom_confusion_cloud, gammafunk_temple_overflow_forgotten,
          palyth_stone_intersect
D:5:      layout_cave_pools
D:6:      layout_gridville, mainiacjoe_overflow_brackets,
          nicolae_gozag_seed_capital, serial_undead, serial_undead_b,
          serial_undead_b, serial_undead_e, serial_undead_f
D:7:      layout_layer_cave, minmay_temple_entry_sparse_star, uniq_menkaure,
          uniq_maggie
D:8:      layout_loops_ring, minitemple, jiyva_altar_1
D:9:      layout_small_grid, lair_entry_dummy, david_orc_1_choice,
          minmay_door_square
D:10:     layout_roguey, serial_shops, shop
D:11:     layout_loops_cross, uniq_lodul
D:12:     layout_loops_ring
Temple:   jpeg_temple_island
Lair:1:   layout_cave_shapes
Lair:2:   minmay_guarded_unrand_snakebite, layout_gridlike, ice2_lemuel,
          serial_bayou_shore_b
Lair:3:   layout_regular_city, roderic_batcave, chequers_serial_rivers_micro_b,
          dreamdust_mushroom_princess, nicolae_quartered_pool_impasse
Lair:4:   lemuel_slime, layout_gridlike, skrybe_swamp_entry_bodies,
          hellmonk_spider_entry_not_the_bees, nicolae_lair_time_for_slime,
          grunt_megastairs_5

Skill      XL: |  1  2  3  4  5  6  7  8  9 10 11 12 13 |
---------------+----------------------------------------+-----
Stealth        | 3 4 5 |  5.8
Axes           | 1 4 5 6 8 |  8.1
Fighting       | 6 8 9 11 | 11.5
Armour         | 2 3 4 |  4.0
Maces & Flails | 5 |  5.7
Short Blades   | 5 8 |  8.0
Polearms       | 9 13 14 | 14.0
Dodging        | 4 |  4.0
Evocations     | |  3.0

Action                   |  1- 3 |  4- 6 |  7- 9 | 10-12 | 13-15 || total
-------------------------+-------+-------+-------+-------+-------++-------
Melee: Spear             |    15 |       |       |       |       ||    15
       Hand axe          |    21 |    50 |   233 |    14 |       ||   318
       Flail             |       |       |     7 |       |       ||     7
       Punch             |       |       |     3 |     3 |       ||     6
       Quick blade       |       |       |       |   399 |    26 ||   425
       Glaive            |       |       |       |   287 |   306 ||   593
       Constrict         |       |       |       |       |    59 ||    59
Throw: Boomerang         |       |       |     4 |     1 |       ||     5
       Dart              |       |       |     4 |    14 |       ||    18
       Javelin           |       |       |       |     7 |       ||     7
Invok: Call Merchant     |       |       |       |     1 |       ||     1
 Abil: Spit Poison       |    53 |    53 |   106 |    81 |    26 ||   319
Evoke: Wand              |     1 |       |    27 |    42 |       ||    70
       Phantom mirror    |       |       |       |     1 |       ||     1
  Use: Scroll            |     4 |     1 |     3 |    10 |     9 ||    27
       Potion            |       |       |       |     2 |     1 ||     3
 Stab: Distracted        |     1 |       |     1 |     4 |     3 ||     9
       Sleeping          |       |       |     1 |       |       ||     1
Armor: Leather armour    |     5 |    11 |       |       |       ||    16
       Robe              |     2 |       |       |       |       ||     2
       Scale mail        |       |     6 |    64 |       |       ||    70
       Ring mail         |       |       |    17 |       |       ||    17
       Steam dragon scal |       |       |       |   112 |       ||   112
       Plate armour      |       |       |       |   270 |   471 ||   741
Dodge: Dodged            |    17 |    19 |    94 |    80 |    60 ||   270
Block: Buckler           |       |       |       |    17 |       ||    17

Table legend: (Time is in decaauts)
 A = Elapsed time spent in this place.
 B = Non-inter-level travel time spent in this place.
 C = Inter-level travel time spent in this place.
 D = Time resting spent in this place.
 E = Time spent auto-exploring this place.
 F = Levels seen in this place.
 G = Mean time per level.
                   A        B        C        D        E       F      G
               +--------+--------+--------+--------+--------+-----+--------+
         Total |  34329 |  31341 |   2988 |    705 |  25685 |  17 | 2019.4 |
       Dungeon |  26968 |  24267 |   2701 |    630 |  19740 |  12 | 2247.3 |
        Temple |    338 |    338 |      0 |      0 |    312 |   1 |  338.0 |
          Lair |   7022 |   6736 |    286 |     75 |   5632 |   4 | 1755.5 |
               +--------+--------+--------+--------+--------+-----+--------+

Top non-repeatable levels by time:
     D:7: 3169 daAuts
     D:9: 3026 daAuts
     D:6: 2831 daAuts
    D:10: 2536 daAuts
  Lair:2: 2518 daAuts
     D:4: 2462 daAuts
    D:11: 2263 daAuts
     D:1: 2174 daAuts
  Lair:3: 2076 daAuts
  Lair:1: 1974 daAuts
    D:12: 1817 daAuts
     D:8: 1798 daAuts
     D:3: 1678 daAuts
     D:2: 1655 daAuts
     D:5: 1554 daAuts
